 Dungeon Crawl Stone Soup version 0.17-a0-1468-gbf503c2 (webtiles) character file.

753 abixa the Basher (level 7, -1/70 HPs)
             Began as an Ogre Gladiator on July 1, 2015.
             Splashed by a jelly's acid (6 damage)
             ... on level 5 of the Dungeon.
             The game lasted 00:13:40 (4475 turns).

abixa the Basher (Ogre Gladiator)                   Turns: 4475, Time: 00:13:40

Health: -1/70      AC:  0    Str: 21    XL:     7   Next: 78%
Magic:  0/7        EV:  5    Int:  9    God:
Gold:   99         SH:  0    Dex: 10    Spells: 0 memorised, 6 levels left

rFire  . . .     SeeInvis .     a - +0 flail
rCold  . . .     Clarity  .     I - +0 robe
rNeg   . . .     SustAt   .     (no shield)
rPois  .         Gourm    .     c - +0 hat
rElec  .         Spirit   +     x - +0 cloak
rCorr  .         Warding  .     (gloves unavailable)
rMut   .         Stasis   .     (boots unavailable)
MR     .....                    l - amulet of guardian spirit
Stlth  +.........               (no ring)
                                (no ring)

@: corroded equipment, not resistant to hostile enchantments, very unstealthy
A: unfitting armour, tough skin 1
a: no special abilities


You were on level 5 of the Dungeon.
You were hungry.

You visited 1 branch of the dungeon, and saw 5 of its levels.

You collected 323 gold pieces.
You spent 224 gold pieces at shops.

Inventory:

Hand weapons
 a - a +0 flail (weapon)
 b - a +0 blowgun
 p - a +0 halberd
 B - a cursed -3 spear
 J - a +0 giant club
Missiles
 d - 3 throwing nets
 g - 189 stones (quivered)
 j - 104 arrows
 n - 20 bolts
 s - 18 bolts of penetration
 F - 24 sling bullets
 H - 10 poisoned needles
 L - 16 arrows of frost
Armour
 c - a +0 hat (worn)
 x - a +0 cloak (worn)
 I - a +0 robe (worn)
Rods
 y - a -1 rod of shadows (11/11)
   (You found it on level 3 of the Dungeon)
Jewellery
 l - an amulet of guardian spirit (around neck)
 z - an uncursed ring of ice {unknown}
 D - the ring of Zin's Reproof {Int+2 Dex+2 Stlth-, unknown}
   (You found it on level 4 of the Dungeon)

   [ring of loudness]

   It affects your intelligence (+2).
   It affects your dexterity (+2).
   It makes you less stealthy.
 P - an uncursed amulet of clarity {unknown}
Scrolls
 i - 4 scrolls of identify {unknown}
 k - 2 scrolls of enchant weapon {unknown}
 m - 7 scrolls of teleportation {unknown}
 q - 2 scrolls of noise {unknown}
 r - 3 scrolls of amnesia {unknown}
 v - a scroll of fear {unknown}
 N - a scroll of blinking {unknown}
Potions
 h - a potion of degeneration {unknown}
 o - 3 potions of curing
 t - a potion of poison {unknown}
 u - 2 potions of might
 w - a potion of magic {unknown}
 A - 2 potions of haste {unknown}
 C - a potion of heal wounds
 E - a potion of agility
 G - a potion of lignification {unknown}
 K - a potion of flight {unknown}
Comestibles
 e - 5 bread rations
 f - 8 fruits
 M - 2 meat rations
 O - a beef jerky


   Skills:
 - Level 4.0 Fighting
 * Level 8.9 Maces & Flails
 + Level 6.1 Throwing
 - Level 2.6 Dodging


You had 6 spell levels left.
You didn't know any spells.

Dungeon Overview and Level Annotations

Branches:
Dungeon (5/15)             Temple (0/1) D:5

Altars:
Dithmenos
Gozag
Zin

Shops:
D:4 !

Annotations:
D:5 Eustachio


Innate Abilities, Weirdness & Mutations

You are too large for most types of armour.
You have tough skin (AC +1).


Message History

Eustachio blinks!
The giant cockroach bites you but does no damage.
Eustachio gestures wildly while chanting.
Eustachio blinks!
A jelly and an orc come into view.
The orc moves out of view.
The ogre hits you with a giant club!
* * * LOW HITPOINT WARNING * * *
The orc shouts!
Eustachio gestures wildly while chanting.
An orc comes into view.
The orc shouts!
The jelly quivers.
The orc hits you but does no damage.
The giant cockroach bites you but does no damage.
There is a staircase to the Ecumenical Temple here.
The gnoll barely misses you. The giant cockroach barely misses you.
The jelly hits you.
* * * LOW HITPOINT WARNING * * *
You are splashed with acid!
The acid corrodes you!
The acid burns!
You die...

#... #...........#
#[....... #..
#...........############..
#....@..........# #..
#...............# ###
#...............#
#......Ogg..#####
#.....8g8g8.# ###...⌠s⌠..#
#..8o@.8.# #...⌠J⌠...#
#..8.8.8..# #..o......#
#.###.#...# #. #...### #
##..# .##


You could see Eustachio, an ogre, a jelly, 4 gnolls, 2 orcs and a giant
cockroach.

Vanquished Creatures
  2 ogres (D:5)
  A centaur (D:5)
  A crimson imp (D:5)
  A hound (D:5)
  2 jellies (D:5)
  An orc wizard (D:3)
  3 iguanas
  3 worker ants
  A hound zombie (D:4)
  A hound skeleton (D:4)
  A worker ant zombie (D:5)
  3 gnolls (D:2)
  3 adders
  An ooze (D:3)
  3 worms
  4 orcs (D:3)
  12 bats
  2 giant cockroaches (D:4)
  10 hobgoblins
  6 jackals
  3 quokkas
  A ball python (D:2)
  2 giant geckos (D:5)
  4 giant newts
  14 goblins
  A jackal zombie (D:5)
  4 kobolds
  9 rats
99 creatures vanquished.

Notes
Turn   | Place    | Note
--------------------------------------------------------------
     0 | D:1      | abixa the Ogre Gladiator began the quest for the Orb.
     0 | D:1      | Reached XP level 1. HP: 22/22 MP: 1/1
   127 | D:1      | Reached XP level 2. HP: 25/29 MP: 2/2
   973 | D:2      | Reached XP level 3. HP: 35/37 MP: 3/3
  1287 | D:2      | Reached skill level 5 in Maces & Flails
  1325 | D:2      | Reached XP level 4. HP: 20/45 MP: 2/4
  1694 | D:3      | Identified a -1 rod of shadows (11/11) (You found it on level 3 of the Dungeon)
  1829 | D:3      | Found a shadowy altar of Dithmenos.
  2282 | D:3      | Reached XP level 5. HP: 49/54 MP: 5/5
  2723 | D:4      | Got a wavering bronze ring
  2744 | D:4      | Reached skill level 6 in Maces & Flails
  2922 | D:4      | Found Ekha's Distillery.
  2925 | D:4      | Bought a potion of agility for 56 gold pieces
  2925 | D:4      | Bought a potion of heal wounds for 70 gold pieces
  2925 | D:4      | Bought a potion of might for 56 gold pieces
  2925 | D:4      | Bought a potion of curing for 42 gold pieces
  3115 | D:4      | Reached XP level 6. HP: 60/62 MP: 4/6
  3533 | D:5      | Entered Level 5 of the Dungeon
  3679 | D:5      | Reached skill level 5 in Throwing
  3749 | D:5      | Reached skill level 7 in Maces & Flails
  3798 | D:5      | Reached XP level 7. HP: 58/70 MP: 7/7
  3812 | D:5      | Noticed Eustachio
  3928 | D:5      | Reached skill level 8 in Maces & Flails
  4285 | D:5      | Found an opulent altar of Gozag.
  4285 | D:5      | Found a glowing silver altar of Zin.
  4453 | D:5      | HP: 3/70 [Eustachio/wand of magic darts (3)]
  4467 | D:5      | Found a staircase to the Ecumenical Temple.
  4475 | D:5      | Splashed by a jelly's acid

Vault maps used:
D:1:      mrwooster_arrival_statue
D:2:      first_bread
D:3:      grunt_dithmenos_smoke_and_mirrors
D:4:      serial_shops, kennysheep_mini_moat, minmay_bisected
D:5:      grunt_temple_overflow_gold_and_silver,
          minmay_temple_entry_statues_fountains, minmay_ogre_servants,
          uniq_eustachio

Action                   |  1- 3 |  4- 6 |  7- 9 || total
-------------------------+-------+-------+-------++-------
Melee: Flail             |    99 |   145 |    85 ||   329
 Fire: Blowgun           |       |     6 |     3 ||     9
Throw: Stone             |     7 |    20 |     5 ||    32
  Use: Potion            |       |       |     1 ||     1
 Stab: Sleeping          |       |     2 |       ||     2
  Eat: Chunk             |     1 |     8 |     2 ||    11
